 Dungeon Crawl Stone Soup version 0.29-a0-378-gc08b2e8bf8 (webtiles) character file.

Game seed: 1829782579764958005

149611 Antichthon the Necromancer (level 16, -5/140 HPs)
             Began as a Deep Dwarf Necromancer on May 5, 2022.
             Was the Champion of Makhleb.
             Constricted to death by a shambling mangrove (13 damage)
             ... on level 4 of the Swamp.
             The game lasted 02:20:54 (42972 turns).

Antichthon the Necromancer (DDNe)                  Turns: 42972, Time: 02:20:54

Health: -5/140     AC: 35    Str: 23    XL:     16   Next: 96%
Magic:  18/18      EV: 14    Int: 18    God:    Makhleb [******]
Gold:   1903       SH: 12    Dex: 19    Spells: 29/38 levels left

rFire   + . .      SeeInvis +   a - +5 broad axe
rCold   + . .      Faith    .   x - +0 kite shield
rNeg    + + .      Spirit   .   j - +9 chain mail "Gijow" {rN+ Str+5 Dex+3}
rPois   .          Reflect  .   f - +2 helmet {SInv}
rElec   .          Harm     .   n - +2 cloak of the Alphagorgon {Rampage Drain rC+}
rCorr   .          Rampage  +   S - +2 pair of gloves {Dex+3}
Will    ++...                   B - +2 pair of boots
Stlth   ..........              (no amulet)
HPRegen 0.00/turn               C - +4 ring of evasion
MPRegen 0.16/turn               h - ring of protection from fire

@: grasped by roots, constricted
A: damage resistance, heal wounds, negative energy resistance 1, sense
surroundings 2, no regeneration, deterioration 1
a: Heal Wounds, Renounce Religion, Minor Destruction, Lesser Servant of Makhleb,
Major Destruction, Greater Servant of Makhleb


You were on level 4 of the Swamp.
You worshipped Makhleb.
Makhleb was exalted by your worship.
You visited 4 branches of the dungeon, and saw 26 of its levels.
You visited the Abyss 1 time.
You also visited: Sewer and Ice Cave.

You collected 3351 gold pieces.
You spent 1448 gold pieces at shops.

Inventory:

Hand Weapons
 a - a +5 broad axe (weapon)
 b - the +10 hand crossbow of Zimineata {freeze, rElec Int+7 Stlth-}
   (You bought it in a shop on level 9 of the Dungeon)

   Any ammunition fired from it freezes those it strikes, dealing additional
   cold damage.
   It can also slow down cold-blooded creatures.
   Int:       It affects your intelligence (+7).
   rElec:     It insulates you from electricity.
   Stlth:     It makes you less stealthy.
 u - the +7 executioner's axe of Kegiri {vorpal, Int+4}
   (You found it on level 1 of the Swamp)

   It inflicts extra damage upon your enemies.
   Int:       It affects your intelligence (+4).
 K - the +9 spear of Afoufryo {venom, Str+4 Int+4}
   (You found it on level 3 of the Lair of Beasts)

   It poisons the flesh of those it strikes.
   Str:       It affects your strength (+4).
   Int:       It affects your intelligence (+4).
Armour
 f - a +2 helmet of see invisible (worn)
 j - the +9 chain mail "Gijow" (worn) {rN+ Str+5 Dex+3}
   (You found it on level 2 of the Dungeon)

   Str:       It affects your strength (+5).
   Dex:       It affects your dexterity (+3).
   rN:        It protects you from negative energy.
 n - the +2 cloak of the Alphagorgon (worn) {Rampage Drain rC+}
   (You acquired it on level 4 of the Lair of Beasts)

   rC:        It protects you from cold.
   Drain:     It drains your maximum health when unequipped.
   Rampage:   It bestows one free step when moving towards enemies.
 x - a +0 kite shield (worn)
 B - a +2 pair of boots (worn)
 S - a +2 pair of gloves of dexterity (worn)
Jewellery
 h - a ring of protection from fire (right hand)
 q - a ring of protection from fire
 t - a ring of positive energy
 w - a ring of protection from cold
 C - a +4 ring of evasion (left hand)
 Q - a ring of willpower
Wands
 e - a wand of iceblast (2)
 z - a wand of acid (14)
 G - a wand of digging (14)
 I - a wand of flame (13)
 L - a wand of paralysis (16)
 V - a wand of polymorph (8)
Scrolls
 c - 7 scrolls of magic mapping
 d - a scroll of silence
 g - a scroll of teleportation
 i - 4 scrolls of torment
 o - 2 scrolls of fear
 v - 2 scrolls of fog
 y - 5 scrolls of vulnerability
 F - a scroll of poison
 M - a scroll of immolation
 P - 2 scrolls of identify
 W - 3 scrolls of amnesia
Potions
 k - 6 potions of lignification
 l - 5 potions of flight
 m - 6 potions of curing
 p - 3 potions of resistance
 r - 2 potions of berserk rage
 s - 5 potions of invisibility
 A - 3 potions of brilliance
 D - 3 potions of magic
 E - 2 potions of attraction
 H - 5 potions of cancellation
 O - 4 potions of haste
 R - 2 potions of might
Miscellaneous
 N - a phantom mirror


   Skills:
 * Level 8.2 Fighting
 * Level 14.4 Axes
 * Level 8.7 Crossbows
 * Level 11.4 Armour
 * Level 9.9 Dodging
 - Level 2.4 Stealth
 * Level 9.9 Shields
 * Level 11.6 Spellcasting
 * Level 15.2 Necromancy
 * Level 11.2 Invocations


You had 29 spell levels left.
You knew the following spells:

 Your Spells              Type           Power      Damage    Failure   Level
a - Animate Dead          Necr           30%        N/A       1%          4
b - Vampiric Draining     Necr           60%        2d10      1%          3
c - Pain                  Necr           100%       1d9       1%          1
d - Animate Skeleton      Necr           100%       N/A       1%          1

Your spell library contained the following spells:

 Spells                   Type           Power      Damage    Failure   Level
 Sublimation of Blood     Necr           60%        N/A       1%          2
 Agony                    Necr           60%        N/A       4%          5
 Apportation              Tloc           20%        N/A       63%         1
 Magic Dart               Conj           40%        1d5       63%         1
 Sandblast                Erth           20%        2d7       63%         1
 Shock                    Conj/Air       40%        1d5       63%         1
 Summon Small Mammal      Summ           40%        N/A       63%         1
 Blink                    Tloc           20%        N/A       77%         2
 Passwall                 Tmut/Erth      8%         N/A       77%         2
 Searing Ray              Conj           20%        2d5       77%         2
 Wereblood                Tmut           10%        N/A       77%         2
 Call Canine Familiar     Summ           10%        N/A       94%         3
 Lesser Beckoning         Tloc           10%        N/A       94%         3
 Stone Arrow              Conj/Erth      20%        3d8       94%         3
 Summon Guardian Golem    Hex/Summ       10%        N/A       94%         3
 Swiftness                Air            10%        N/A       94%         3
 Airstrike                Air            5%         N/A       100%        4
 Fulminant Prism          Conj/Hex       5%         3d7       100%        4
 Alistair's Intoxication  Tmut/Pois      6%         N/A       100%        5
 Manifold Assault         Tloc           10%        N/A       100%        5
 Malign Gateway           Summ/Tloc      5%         N/A       100%        7
 Storm Form               Tmut/Air       5%         N/A       100%        7
 Summon Hydra             Summ           5%         N/A       100%        7
 Summon Horrible Things   Summ           5%         N/A       100%        8


Dungeon Overview and Level Annotations

Branches:
Dungeon (14/15)            Temple (0/1) D:5            Lair (6/6) D:10
  Swamp (4/4) Lair:3        Snake (0/4) Lair:4        Slime (0/5) Lair:5
    Orc (2/2) D:12            Elf (0/3) Orc:2        Vaults (0/5) D:14
  Sewer (visited)           IceCv (visited)

Altars:
Ashenzari
Cheibriados
Elyvilon
Gozag
Kikubaaqudgha
Makhleb
Ru
Sif Muna
Trog
Uskayaw
Wu Jian
Xom
Yredelemnul
Zin
The Shining One
Beogh

Shops:
D:9 *   D:13 !   Orc:2 *[([

Annotations:
D:7 2 transporters
D:10 exclusion: obsidian statue
Lair:5 exclusion: 3 oklob plants
Orc:2 2 transporters, sammy202020's ghost, journeyman MiBe


Innate Abilities, Weirdness & Mutations

You are resistant to damage.
You can heal yourself by infusing magical energy.
You resist negative energy. (rN+)
You passively map the area around you.
You do not regenerate.
Your body sometimes deteriorates upon taking damage.


Message History

You slash the swamp dragon!
The swamp dragon is severely wounded.
You hit the swamp worm. You closely miss the swamp dragon.
The swamp dragon misses you. The swamp dragon closely misses you.
The swamp dragon tramples you but does no damage.
You block the swamp dragon's attack. The swamp dragon closely misses you.
The swamp dragon barely misses you. You block the swamp worm's attack.
Unknown command.
You barely miss the swamp dragon.
The swamp dragon is severely wounded.
The swamp dragon roars deafeningly!
You slash the swamp dragon! You closely miss the swamp worm.
The swamp worm bites you!
* * * LOW HITPOINT WARNING * * *
The swamp dragon bites you!
* * * LOW HITPOINT WARNING * * *
The swamp dragon claws you.
The swamp dragon tramples you but does no damage.
The swamp dragon completely misses you. You block the swamp dragon's attack. x2
Roots burst forth from the earth!
The grasping roots grab you! The grasping roots constrict you.
You feel better. You block the swamp worm's attack.
You block the swamp dragon's attack. The swamp dragon closely misses you. x2
The swamp dragon bites you but does no damage.
The swamp dragon misses you. x2; The grasping roots constrict you.
The swamp worm misses you.
Unknown command.
Unknown command.
You hit the swamp dragon but do no damage.
The swamp dragon is severely wounded.
You completely miss the swamp worm. You slash the swamp dragon!
You block the swamp dragon's attack. The swamp dragon claws you.
* * * LOW HITPOINT WARNING * * *
You block the swamp dragon's attack. x2
The swamp dragon claws you but does no damage.
The swamp dragon tramples you but does no damage.
The swamp worm bites you but does no damage.
The grasping roots constrict you!!
You die...

≈!.≈≈≈≈w..§♣♣..♣ *
,≈ .≈≈≈≈≈.≈≈.♣.≈.♣
*
.≈≈≈.♣.≈≈≈≈.≈≈♣♣♣♣
* ≈ ≈
≈≈≈≈≈♣...≈≈≈≈§...≈*
, *
§≈≈.♣♣♣♣♣.≈≈≈D≈§..
**≈ ,
.≈≈§♣§≈≈≈≈≈≈≈≈...≈≈
≈
*...≈≈..≈≈≈≈≈≈≈.♣*
,≈ ,≈≈≈≈≈.≈.D.≈≈≈≈♣
,≈ ≈
,≈♣≈♣..≈§fD@≈§≈.♣≈.
, ≈
...≈.≈≈≈w≈≈≈≈....,
, , ≈
#.##?≈≈≈≈≈≈..≈≈≈. ,
,, , .
##♣...≈♣♣≈≈.≈.,
*#≈≈≈≈. ♣♣≈.§ ≈ **
, #♣♣≈≈.. * ♣♣ * ,
#≈.... * , , ,,,,,
*#♣≈.≈.♣ , ≈ , ,,
♣≈..≈≈ *


You could see a shambling mangrove, 3 swamp dragons and a swamp worm.

Vanquished Creatures
  A tentacled monstrosity (Swamp:3)
  Gastronok (Orc:2)
  A tentacled starspawn (Abyss:1)
  A thorn hunter (Swamp:3)
  Kirke (Swamp:1)
  A fenstrider witch (Swamp:2)
  An azure jelly (IceCv)
  3 orc warlords
  4 quicksilver oozes (IceCv)
  4 eleionomae
  3 bunyips (Swamp:3)
  Josephine (D:14)
  4 boulder beetles
  A spriggan zombie (Abyss:1)
  Fannar (Lair:1)
  A vault guard (D:14)
  25 hydras
  The ghost of Taemeyri the Eternal Night, a journeyman DsMo of Dithmenos (Lair:2)
  A rakshasa (D:14)
  Erolcha (D:13)
  6 centaur warriors
  2 catoblepae
  3 ghost crabs
  6 two-headed ogres
  15 death yaks
  An alligator (Swamp:3)
  Erica (D:8)
  A tengu warrior (D:13)
  A vampire mage (D:13)
  A spriggan berserker (Swamp:2)
  Urug (Lair:1)
  Sonja (D:13)
  A soul eater (Abyss:1)
  4 goliath frogs
  3 spriggan druids (Swamp:1)
  4 swamp dragons
  2 bog bodies
  A spatial maelstrom (Abyss:1)
  A death drake (Swamp:1)
  2 orc knights (Orc:2)
  A wolf spider (D:13)
  A deep elf pyromancer (D:12)
  3 manticores
  16 orc sorcerers
  4 cyclopes
  15 ugly things
  2 starcursed masses (Abyss:1)
  A centaur zombie (Abyss:1)
  13 elephants
  2 will-o-the-wisps (Swamp:3)
  Joseph (D:10)
  3 black mambas
  4 ice statues
  16 cane toads
  A torpor snail (Lair:5)
  A rime drake (Lair:1)
  An unseen horror (D:10)
  4 kobold demonologists
  A freezing wraith (Abyss:1)
  An efreet (D:13)
  An entropy weaver simulacrum (IceCv)
  9 komodo dragons
  5 trolls
  A queen bee (Lair:5)
  3 meliai
  A troll (shapeshifter) (D:14)
  A polar bear (Lair:6)
  Prince Ribbit (D:8)
  5 tyrant leeches
  12 hornets
  14 blink frogs
  10 slime creatures
  A snapping turtle (shapeshifter) (D:14)
  A flying skull (Abyss:1)
  3 large abominations (Abyss:1)
  19 spriggans
  55 yaks
  9 wraiths
  3 wyverns
  2 vampires
  A hog (Swamp:1)
  2 steam dragons (D:8)
  A basilisk (D:14)
  21 vampire mosquitoes
  A naga (Lair:4)
  A naga zombie (Abyss:1)
  11 wargs (Orc:2)
  4 demonic crawler simulacra (IceCv)
  4 acid dragons
  10 swamp worms
  14 water moccasins
  2 small abominations (Abyss:1)
  5 hell hounds (Abyss:1)
  9 swamp drakes (Swamp:3)
  12 black bears
  27 orc warriors
  An ice beast (Abyss:1)
  A sky beast (D:7)
  4 boggarts
  17 ogres
  9 centaurs
  30 wolves
  A phantom (D:6)
  8 kobold brigands
  A necrophage (D:6)
  4 scorpions
  12 bullfrogs
  4 gnoll sergeants (D:12)
  An earth elemental (Abyss:1)
  6 glowing shapeshifter simulacra (IceCv)
  A wyvern zombie (D:6)
  11 wights
  29 killer bees
  3 howler monkeys
  2 electric eels (D:12)
  2 hounds
  Crazy Yiuf (D:2)
  6 jellies
  A gnoll shaman (D:9)
  An iron imp (D:4)
  25 orc priests
  Natasha (twice) (D:2)
  12 hell rats (Lair:3)
  2 iguanas
  44 orc wizards
  A killer bee zombie (D:6)
  9 gnolls
  16 adders
  A river rat (Sewer)
  18 white imps
  2 worms
  2 dart slugs
  108 orcs
  20 endoplasms
  5 giant cockroaches
  10 goblins
  6 hobgoblins
  7 jackals
  12 kobolds
  3 quokkas
  17 ball pythons
  7 bats
  6 frilled lizards
  16 rats
  A lurking horror (Abyss:1)
  3 starspawn tentacles (Abyss:1)
997 creatures vanquished.

Vanquished Creatures (collateral kills)
  A tentacled starspawn (Abyss:1)
  2 starcursed masses (Abyss:1)
  A thrashing horror (Abyss:1)
  A large abomination (Abyss:1)
  A smoke demon (Abyss:1)
  3 spatial vortices (Abyss:1)
  A small abomination (Abyss:1)
  A quasit (Abyss:1)
  A white imp (Abyss:1)
12 creatures vanquished.

Vanquished Creatures (others)
  An angel (D:6)
  An ugly thing (D:13)
  A human (Swamp:2)
  Natasha (D:2)
  4 orc wizards
  3 orcs
  5 briar patches (Swamp:3)
  18 foxfires (Swamp:3)
  65 fungi
  92 plants
  3 starspawn tentacles (Abyss:1)
194 creatures vanquished.

Grand Total: 1203 creatures vanquished

Notes
Turn   | Place    | Note
-------+----------+-------------------------------------------
     0 | D:1      | Antichthon the Deep Dwarf Necromancer began the quest for
                  | the Orb.
     0 | D:1      | Reached XP level 1. HP: 15/15 MP: 3/3
   451 | D:1      | Reached XP level 2. HP: 17/22 MP: 4/4
  1301 | D:2      | Reached skill level 5 in Necromancy
  1301 | D:2      | Reached XP level 3. HP: 27/28 MP: 4/6
  1305 | D:2      | Learned a level 3 spell: Vampiric Draining
  1505 | D:2      | Found a runed translucent door.
  1506 | D:2      | Noticed Crazy Yiuf
  1663 | D:2      | Identified the +9 chain mail "Gijow" {rN+ Str+5 Dex+3}
  1719 | D:2      | Found a burning altar of Makhleb.
  1752 | D:2      | Became a worshipper of Makhleb the Destroyer
  1904 | D:2      | Found a faded altar of an unknown god.
  1942 | D:2      | Noticed Natasha
  2001 | D:2      | Killed Natasha
  2002 | D:2      | Reached XP level 4. HP: 13/36 MP: 7/7
  2049 | D:2      | Noticed Natasha
  2085 | D:2      | Killed Natasha
  2086 | D:2      | Reached skill level 1 in Armour
  2099 | D:2      | Noticed Natasha
  2124 | D:2      | Killed Natasha
  2218 | D:2      | Reached skill level 6 in Necromancy
  2218 | D:2      | Reached XP level 5. HP: 34/42 MP: 8/8
  2719 | D:3      | Found a white marble altar of Elyvilon.
  2729 | D:3      | Found a shimmering blue altar of Sif Muna.
  2741 | D:3      | You fall into a shaft and drop 3 floors!
  2741 | D:6      | Found a basalt altar of Yredelemnul.
  2808 | D:5      | Entered Level 5 of the Dungeon
  2814 | D:5      | Reached XP level 6. HP: 35/49 MP: 10/10
  2908 | D:5      | Reached * piety under Makhleb
  2934 | D:5      | Found a bloodstained altar of Trog.
  3052 | D:5      | Reached XP level 7. HP: 31/55 MP: 11/11
  3070 | D:5      | Reached skill level 5 in Armour
  3390 | D:5      | Found a glowing drain.
  3404 | Sewer    | Entered a sewer
  3502 | Sewer    | Reached ** piety under Makhleb
  3538 | Sewer    | Reached skill level 7 in Necromancy
  3681 | Sewer    | Found a shimmering altar of Xom.
  4667 | D:3      | Reached *** piety under Makhleb
  4758 | D:2      | Killed Crazy Yiuf
  4759 | D:2      | Reached XP level 8. HP: 42/62 MP: 12/12
  4772 | D:2      | Learned a level 1 spell: Animate Skeleton
  4880 | D:4      | Reached skill level 8 in Necromancy
  5382 | D:4      | Found a snail-covered altar of Cheibriados.
  5734 | D:5      | Reached skill level 5 in Spellcasting
  5812 | D:5      | Found a staircase to the Ecumenical Temple.
  5986 | D:6      | Reached skill level 9 in Necromancy
  6006 | D:6      | Found a shimmering altar of Xom.
  6007 | D:6      | Found a glowing silver altar of Zin.
  6008 | D:6      | Noticed an angel
  6080 | D:6      | Killed an angel
  6345 | D:6      | Gained mutation: You passively map the area around you.
                  | [Deep Dwarf growth]
  6345 | D:6      | Reached XP level 9. HP: 51/68 MP: 15/15
  6516 | D:6      | Reached skill level 1 in Axes
  6564 | D:6      | Found a sacrificial altar of Ru.
  7026 | D:7      | Reached skill level 1 in Invocations
  7137 | D:7      | Found a broken altar of Ashenzari.
  7343 | D:7      | Found a transporter.
  7343 | D:7      | Found a transporter.
  7344 | D:7      | Noticed a centaur warrior
  7345 | D:7      | Noticed a two-headed ogre
  7368 | D:7      | Found an ornate altar of the Wu Jian Council.
  7473 | D:7      | Reached skill level 1 in Fighting
  7490 | D:7      | Reached skill level 1 in Shields
  7739 | D:7      | Reached **** piety under Makhleb
  7757 | D:7      | Identified the +0 plate armour "Sueck" {Rampage rC- Regen+
                  | rCorr Int+4}
  7812 | D:7      | Reached skill level 10 in Necromancy
  8330 | D:8      | Noticed Erica
  8347 | D:8      | Killed Erica
  8611 | D:8      | Noticed a two-headed ogre
  8623 | D:8      | Killed a two-headed ogre
  8624 | D:8      | Reached XP level 10. HP: 40/80 MP: 0/18
  9353 | D:8      | Noticed a cyclops
  9364 | D:8      | Killed a cyclops
  9413 | D:8      | Found a hide-covered altar of Uskayaw.
  9416 | D:8      | Noticed a +0 dagger
  9417 | D:8      | Noticed a +0 hand axe
  9469 | D:8      | Noticed Prince Ribbit
  9491 | D:8      | Reached skill level 5 in Axes
  9514 | D:8      | Killed Prince Ribbit
  9904 | D:9      | Reached skill level 11 in Necromancy
  9954 | D:9      | Noticed a two-headed ogre
  9980 | D:9      | Killed a two-headed ogre
  9981 | D:9      | Reached XP level 11. HP: 51/90 MP: 3/20
 10404 | D:9      | Found Poiramia's CLEARANCE SALE!.
 10411 | D:9      | Bought the +10 hand crossbow of Zimineata {freeze, rElec
                  | Int+7 Stlth-} for 250 gold pieces
 11006 | D:8      | Identified a scroll of acquirement
 11006 | D:8      | Acquired 398 gold pieces
 11405 | D:9      | Found a burning altar of Makhleb.
 11513 | D:10     | Entered Level 10 of the Dungeon
 11976 | D:10     | Reached skill level 1 in Crossbows
 11976 | D:10     | Reached skill level 5 in Invocations
 12078 | D:10     | Noticed Joseph
 12193 | D:10     | Noticed a death yak
 12195 | D:10     | Noticed a death yak
 12365 | D:10     | Noticed a death yak
 12365 | D:10     | Noticed a death yak
 12365 | D:10     | Noticed a death yak
 12592 | D:10     | Killed Joseph
 12603 | D:10     | Noticed a death yak
 12848 | D:9      | Killed a death yak
 12981 | D:9      | Killed a death yak
 12982 | D:9      | Reached skill level 5 in Dodging
 13121 | D:9      | Killed a death yak
 13121 | D:9      | Reached ***** piety under Makhleb
 13209 | D:9      | Killed a death yak
 13255 | D:9      | Killed a death yak
 13381 | D:9      | Killed a death yak
 13530 | D:10     | Noticed an obsidian statue
 13541 | D:10     | Found a staircase to the Lair.
 13574 | D:10     | Found a glowing golden altar of the Shining One.
 13654 | D:11     | Noticed a sixfirhy
 13684 | D:11     | Noticed a sixfirhy
 13823 | D:11     | Reached XP level 12. HP: 86/99 MP: 21/21
 14028 | D:11     | Found an opulent altar of Gozag.
 14031 | D:11     | Noticed a two-headed ogre
 14061 | D:11     | Killed a two-headed ogre
 14116 | D:11     | Noticed a two-headed ogre
 14130 | D:11     | Noticed a centaur warrior
 14145 | D:11     | Killed a centaur warrior
 14146 | D:11     | Reached skill level 5 in Shields
 14146 | D:11     | Reached skill level 12 in Necromancy
 14208 | D:11     | Killed a two-headed ogre
 14411 | D:11     | Learned a level 4 spell: Animate Dead
 14416 | D:11     | Noticed a two-headed ogre
 14428 | D:11     | Killed a two-headed ogre
 14969 | Lair:1   | Entered Level 1 of the Lair of Beasts
 15056 | Lair:1   | Noticed Urug
 15310 | Lair:1   | Killed Urug
 15428 | Lair:1   | Noticed Fannar
 15457 | Lair:1   | Killed Fannar
 16535 | Lair:2   | Noticed an eight-headed hydra
 16554 | Lair:2   | Killed an eight-headed hydra
 16687 | Lair:2   | Noticed an eight-headed hydra
 16700 | Lair:2   | Killed an eight-headed hydra
 16701 | Lair:2   | Reached skill level 5 in Fighting
 16842 | Lair:2   | Noticed an eight-headed hydra
 16865 | Lair:2   | Killed an eight-headed hydra
 17516 | Lair:2   | Reached XP level 13. HP: 107/109 MP: 10/23
 18055 | Lair:3   | Found a staircase to the Swamp.
 18061 | Lair:3   | Found a runed translucent gate.
 18065 | Lair:3   | Found a runed translucent gate.
 18065 | Lair:3   | Found a runed translucent gate.
 18066 | Lair:3   | Noticed Taemeyri's ghost (journeyman DsMo)
 18765 | Lair:3   | Identified the +1 ring mail "Xytiop" {rPois rC- rN+ Stlth+}
 18935 | Lair:3   | Identified the +9 spear of Afoufryo {venom, Str+4 Int+4}
 19588 | Lair:4   | Found an ancient bone altar of Kikubaaqudgha.
 20034 | Lair:4   | Acquired the +2 cloak of the Alphagorgon {Rampage Drain
                  | rC+}
 20159 | Lair:4   | Identified the +5 arbalest of Pedatzua {venom, Fragile
                  | Will+ Str+5}
 20274 | Lair:4   | Reached skill level 5 in Crossbows
 20274 | Lair:4   | Reached skill level 13 in Necromancy
 20344 | Lair:4   | Reached skill level 10 in Axes
 20608 | Lair:4   | Found a staircase to the Snake Pit.
 21282 | Lair:4   | Reached ****** piety under Makhleb
 21732 | Lair:5   | Found a staircase to the Slime Pits.
 21756 | Lair:6   | Entered Level 6 of the Lair of Beasts
 22119 | Lair:6   | Gained mutation: You resist negative energy. (rN+) [Deep
                  | Dwarf growth]
 22119 | Lair:6   | Reached XP level 14. HP: 118/118 MP: 24/24
 22842 | Lair:5   | Reached skill level 10 in Spellcasting
 24295 | Lair:6   | Paralysed by a hornet for 1 turns
 24994 | Lair:2   | Killed Taemeyri's ghost
 24995 | Lair:2   | Reached skill level 10 in Armour
 25770 | D:12     | Found a staircase to the Orcish Mines.
 26406 | Orc:1    | Entered Level 1 of the Orcish Mines
 26408 | Orc:1    | Noticed an orc warlord
 26717 | D:12     | Killed an orc warlord
 27440 | Orc:2    | Entered Level 2 of the Orcish Mines
 27449 | Orc:1    | Noticed Gastronok
 27456 | Orc:2    | Reached XP level 15. HP: 126/128 MP: 25/25
 27464 | Orc:2    | Killed Gastronok
 27549 | Orc:1    | You fall into a shaft and drop 1 floor!
 27550 | Orc:2    | Noticed sammy202020's ghost (journeyman MiBe)
 27551 | Orc:2    | Noticed an orc warlord
 27560 | Orc:2    | Cast into level 1 of the Abyss (orc wizard)
 27613 | Abyss:1  | Noticed a tentacled starspawn
 27621 | Abyss:1  | Killed a tentacled starspawn
 27844 | Abyss:1  | Noticed a tentacled starspawn
 27853 | Abyss:1  | Killed a tentacled starspawn
 28069 | Orc:2    | Escaped the Abyss
 28204 | Orc:2    | Found a transporter.
 28223 | Orc:2    | Found a transporter.
 28243 | Orc:1    | Noticed an orc warlord
 28244 | Orc:1    | Noticed an orc warlord
 28554 | Orc:2    | Reached skill level 14 in Necromancy
 28677 | Orc:2    | Found a bloodstained altar of Trog.
 28925 | Orc:2    | Found Bocuav's Antique Armour Emporium.
 28925 | Orc:2    | Found Qutruron's Antique Weapon Boutique.
 28961 | Orc:2    | Bought a pair of runed gloves for 142 gold pieces
 28989 | Orc:2    | Bought a polished trident for 289 gold pieces
 28989 | Orc:2    | Identified the +9 trident of Truth {freeze, Will+} (You
                  | bought it in a shop on level 2 of the Orcish Mines)
 29012 | Orc:2    | Found a staircase to the Elven Halls.
 29189 | Orc:2    | Found Tagaby's Antique Armour Emporium.
 29189 | Orc:2    | Found Decat's General Store.
 29194 | Orc:2    | Bought a glowing helmet for 240 gold pieces
 29218 | Orc:2    | Bought a scroll of identify for 32 gold pieces
 29281 | Orc:2    | Gained mutation: Your body sometimes deteriorates upon
                  | taking damage. [a neqoxec]
 29787 | Orc:2    | Killed an orc warlord
 30717 | Orc:1    | Killed an orc warlord
 31351 | D:13     | Found a frozen archway.
 31395 | IceCv    | Entered an ice cave
 31428 | IceCv    | HP: 6/123 [drowned by a quicksilver ooze (10)]
 31941 | IceCv    | Reached skill level 10 in Invocations
 32488 | IceCv    | Found a viscous altar of Jiyva.
 32488 | IceCv    | Noticed an azure jelly
 32509 | IceCv    | Killed an azure jelly
 32662 | IceCv    | Identified the +0 helmet of the Ten Queens {rF- Dex+2
                  | Slay+3}
 32758 | D:13     | Noticed Sonja
 32763 | D:13     | Killed Sonja
 33313 | D:13     | Noticed Erolcha
 33328 | D:13     | Killed Erolcha
 33444 | D:13     | Found Heunalaf's Distillery.
 33453 | D:13     | Bought a potion of berserk rage for 75 gold pieces
 33453 | D:13     | Bought a potion of curing for 45 gold pieces
 33453 | D:13     | Bought a potion of curing for 45 gold pieces
 33453 | D:13     | Bought a potion of curing for 45 gold pieces
 33453 | D:13     | Bought 3 potions of curing for 135 gold pieces
 33453 | D:13     | Bought 2 potions of heal wounds for 150 gold pieces
 33735 | D:14     | Noticed Josephine
 33753 | D:14     | Killed Josephine
 33916 | D:14     | Reached XP level 16. HP: 134/138 MP: 20/20
 34799 | D:14     | Found a gate to the Vaults.
 34943 | Swamp:1  | Entered Level 1 of the Swamp
 35549 | Swamp:1  | Identified the +7 executioner's axe of Kegiri {vorpal,
                  | Int+4}
 36161 | Swamp:2  | Noticed Kirke
 36175 | Swamp:1  | Killed Kirke
 38999 | Swamp:3  | Noticed a tentacled monstrosity
 39013 | Swamp:3  | Killed a tentacled monstrosity
 39014 | Swamp:3  | Reached skill level 15 in Necromancy
 39221 | Swamp:3  | Identified the +6 flail of Makhleb's Generosity {speed, rN+
                  | Int+9}
 39338 | Swamp:4  | Entered Level 4 of the Swamp
 40854 | Swamp:4  | Noticed a thorn hunter
 41809 | Swamp:3  | Killed a thorn hunter
 42970 | Swamp:4  | HP: 5/140 [swamp dragon (6)]
 42972 | Swamp:4  | Constricted to death by a shambling mangrove

Illustrated notes

Levels and vault maps discovered:
D:1:      wheals_arrival_linesprint, layout_basic
D:2:      layout_basic, basic_altar, shapermc_ecumenical_altar_ellora,
          chequers_serial_rivers_micro_a, dreamdust_wishing_well,
          uniq_crazy_yiuf_cottage, uniq_natasha
D:3:      layout_basic, mainiacjoe_overflow_large_starburst, minmay_distorted
D:4:      layout_cave_pools, slow_altar_2, minmay_close_crescents
D:5:      kb_forest_paths, layout_basic, mainiacjoe_overflow_cross_hatched,
          minmay_temple_entry_statues_fountains, portal_sewer_entry_e,
          nicolae_concentric_dashed_squares_wild
D:6:      layout_basic, grunt_temple_overflow_order_and_chaos_1,
          lemuel_zombie_altar_yredelemnul, nicolae_ru_path_of_blood
D:7:      layout_loops_ring, evilmike_ruin_ashenzari,
          gammafunk_temple_overflow_arena, lightli_corner_chamber
D:8:      layout_basic, dancing_weapons_uskayaw, roderic_serpentine_path,
          uniq_erica, uniq_prince_ribbit1
D:9:      layout_basic, lightli_temple_of_fire, dreamdust_princess_bridge,
          nicolae_shop_clearance
D:10:     minmay_separated_statues, layout_cave_pools,
          nicolae_tso_swordbearing_angel, dpeg_lair_monsters, uniq_joseph
D:11:     layout_basic, nicolae_gozag_cash_rules_everything_around_me
D:12:     layout_basic, kennysheep_orc_monster_closet_entryway
D:13:     wander_river, layout_basic, serial_shops, shop_coins, serial_glass,
          glass_columns_a, glass_columns_c, portal_ice_cave_entry_imps,
          nzn_life_drinkers, uniq_erolcha, uniq_sonja
D:14:     layout_long_grid, david_vaults_5, chequers_hall_statues_corner_a,
          uniq_josephine
Lair:1:   layout_loops_ring, serial_forest, infiniplex_forest_clump_small,
          infiniplex_forest_clump_large, infiniplex_forest_clump_tiny,
          infiniplex_forest_join, infiniplex_forest_straight_2, uniq_urug,
          uniq_fannar
Lair:2:   layout_loops_ring
Lair:3:   layout_cave_pods, swamp_mist, gammafunk_ghost_hydra_chop,
          grunt_megastairs_1
Lair:4:   nzn_winding_woodlands_small [nzn_winding_woodlands_5x15_pockets,
          nzn_winding_woodlands_center_diamonds,
          nzn_winding_woodlands_5x15_default], layout_big_grid,
          guppyfry_snake_entry_garden, basic_altar, nicolae_lair_yak_garden
Lair:5:   layout_hall_layers, minmay_slime_entry_oklob_open, special_room
          [special_room_bee]
Lair:6:   minmay_lair_end_enchanted_forest, layout_regular_city
Swamp:1:  layout_basic_swamp, evilmike_swamp_ruin_house_3, swamp_pool3
Swamp:2:  layout_falls_marsh, evilmike_swamp_ruin_rubble_1, uniq_kirke
Swamp:3:  layout_basic_swamp, evilmike_swamp_ruin_house_1
Swamp:4:  swamp, layout_basic_swamp, ebering_ghost_disaster_area
Orc:1:    layout_caves, uniq_gastronok
Orc:2:    st_orc_town, layout_caves, gammafunk_ghost_wrathful_warriors

Skill      XL: |  1  2  3  4  5  6  7  8  9 10 11 12 13 14 15 16 |
---------------+-------------------------------------------------+-----
Spellcasting   | 2 3 4 5 6 7 8 9 10 11 | 11.6
Necromancy     | 5 6 7 9 10 11 12 13 14 15 | 15.2
Armour         | 1 3 4 5 6 7 8 9 10 11 | 11.4
Axes           | 3 6 7 9 10 11 13 14 | 14.4
Invocations    | 3 4 5 7 8 9 10 11 | 11.2
Fighting       | 2 3 4 5 6 7 8 |  8.2
Shields        | 2 3 4 5 6 8 9 |  9.9
Dodging        | 3 4 5 6 7 8 9 |  9.9
Crossbows      | 2 4 5 6 7 8 |  8.7
Stealth        | |  2.4

Action                   |  1- 3 |  4- 6 |  7- 9 | 10-12 | 13-15 | 16-18 || total
-------------------------+-------+-------+-------+-------+-------+-------++-------
Melee: Unarmed           |    91 |       |       |       |       |       ||    91
       Dagger            |   147 |    54 |       |       |       |       ||   201
       Punch             |     3 |     2 |     7 |    10 |     2 |       ||    24
       Trident           |       |    23 |       |       |       |       ||    23
       Hand axe          |       |   143 |    52 |       |       |       ||   195
       Morningstar       |       |       |   598 |    12 |     3 |       ||   613
       War axe           |       |       |    27 |   440 |       |       ||   467
       Broad axe         |       |       |       |   210 |  1867 |   508 ||  2585
       Spear             |       |       |       |       |     9 |    60 ||    69
 Fire: Hand crossbow     |       |       |       |     7 |    54 |     3 ||    64
 Cast: Pain              |    10 |       |       |     9 |     1 |       ||    20
       Vampiric Draining |       |       |    40 |   160 |   307 |   172 ||   679
       Animate Skeleton  |       |       |       |     6 |       |       ||     6
       Animate Dead      |       |       |       |     1 |     2 |       ||     3
Invok: Major Destruction |       |       |       |       |     3 |       ||     3
       Greater Servant o |       |       |       |       |     2 |       ||     2
 Abil: Heal Wounds       |     3 |     5 |     4 |     3 |    19 |     5 ||    39
Evoke: Wand              |       |       |     5 |       |     2 |     4 ||    11
  Use: Scroll            |       |       |     9 |    15 |    12 |     5 ||    41
       Potion            |       |       |       |       |     8 |    21 ||    29
 Stab: Sleeping          |     4 |       |       |       |       |       ||     4
       Distracted        |       |       |       |       |     2 |     2 ||     4
Armor: Robe              |     6 |       |       |       |       |       ||     6
       Leather armour    |    71 |       |       |       |       |       ||    71
       Chain mail        |    63 |   219 |   753 |   720 |  1385 |   727 ||  3867
Dodge: Dodged            |   160 |   130 |   528 |   744 |  1529 |   710 ||  3801
Block: Kite shield       |       |       |       |       |  1259 |   628 ||  1887

Table legend: (Time is in decaauts)
 A = Elapsed time spent in this place.
 B = Non-inter-level travel time spent in this place.
 C = Inter-level travel time spent in this place.
 D = Time resting spent in this place.
 E = Time spent auto-exploring this place.
 F = Levels seen in this place.
 G = Mean time per level.
                   A        B        C        D        E       F      G
               +--------+--------+--------+--------+--------+-----+--------+
         Total |  44228 |  42274 |   1954 |  11826 |  17401 |  29 | 1525.1 |
       Dungeon |  19673 |  18144 |   1529 |   2178 |  10104 |  14 | 1405.2 |
          Lair |  10513 |  10306 |    207 |   2664 |   4650 |   6 | 1752.2 |
         Swamp |   8287 |   8146 |    141 |   5165 |   1168 |   4 | 2071.8 |
  Orcish Mines |   3371 |   3295 |     76 |   1016 |   1167 |   2 | 1685.5 |
         Abyss |    534 |    534 |      0 |      7 |    158 |   1 |  534.0 |
         Sewer |    481 |    481 |      0 |     49 |     50 |   1 |  481.0 |
      Ice Cave |   1366 |   1366 |      0 |    747 |    102 |   1 | 1366.0 |
               +--------+--------+--------+--------+--------+-----+--------+

Top non-repeatable levels by time:
 Swamp:3: 4571 daAuts
     D:9: 2641 daAuts
  Lair:3: 2437 daAuts
   Orc:2: 2360 daAuts
  Lair:5: 2110 daAuts
    D:12: 2067 daAuts
     D:8: 1909 daAuts
 Swamp:2: 1893 daAuts
  Lair:2: 1773 daAuts
  Lair:6: 1756 daAuts
 Swamp:1: 1715 daAuts
     D:2: 1423 daAuts
    D:11: 1402 daAuts
  Lair:4: 1370 daAuts
   IceCv: 1366 daAuts
